 Dungeon Crawl Stone Soup version 0.29.1-13-g9f3cf754e1 (webtiles) character file.

Game seed: 12352763169004726018

986 javelincjr the Magician (level 7, 0/48 HPs)
             Began as a Demonspawn Fire Elementalist on Jan 26, 2023.
             Slain by a centaur (2 damage)
             ... on level 5 of the Dungeon.
             The game lasted 00:36:14 (6373 turns).

javelincjr the Magician (DsFE)                      Turns: 6373, Time: 00:36:15

Health: 0/48       AC:  4    Str: 11    XL:     7   Next: 97%
Magic:  0/15       EV: 12    Int: 21    God:
Gold:   443        SH:  0    Dex: 12    Spells: 14/17 levels left

rFire   . . .      SeeInvis .   b - +2 short sword (speed)
rCold   . . .      Faith    .   (no shield)
rNeg    . . .      Spirit   .   a - +0 robe
rPois   .          Reflect  .   (helmet restricted)
rElec   .          Harm     .   (no cloak)
rCorr   .          Rampage  .   (no gloves)
Will    .....      Rnd*Tele +   m - +0 pair of boots
Stlth   ++........              (no amulet)
HPRegen 0.16/turn               (no ring)
MPRegen 0.14/turn               (no ring)

@: weakened
A: hooves 1, demonic guardian 1, powered by death 1, sharp scales 1, antennae 1,
clever 1, strong 1, teleportitis 1
a: no special abilities


You were on level 5 of the Dungeon.
You visited 1 branch of the dungeon, and saw 5 of its levels.
You also visited: Ossuary.

You collected 443 gold pieces.

Inventory:

Hand Weapons
 b - a +2 short sword of speed (weapon)
 c - a +0 club
 i - a +0 dagger
 j - a +2 short sword of freezing
 q - a +2 dagger of venom
Missiles
 d - 45 stones
 e - a throwing net
Armour
 a - a +0 robe (worn)
 m - a +0 pair of boots (worn)
Scrolls
 f - 4 scrolls of teleportation
 g - a scroll of blinking
 l - a scroll of butterflies
 n - a scroll of enchant armour {unknown}
 o - a scroll of noise {unknown}
 p - a scroll of fear {unknown}
 r - a scroll of enchant weapon {unknown}
 t - 3 scrolls of amnesia {unknown}
 v - 2 scrolls of identify
 w - a scroll of magic mapping
Potions
 h - a potion of flight
 k - 2 potions of attraction
 s - a potion of invisibility
 u - a potion of curing
 x - a potion of might {unknown}


   Skills:
 + Level 1.0 Fighting
 + Level 1.0 Short Blades
 + Level 0.2 Maces & Flails
 + Level 2.6 Dodging
 + Level 2.5 Stealth
 + Level 5.5 Spellcasting
 + Level 3.5 Conjurations
 + Level 5.3 Fire Magic


You had 14 spell levels left.
You knew the following spells:

 Your Spells              Type           Power      Damage    Failure   Level
a - Foxfire               Conj/Fire      96%        2x1d8     1%          1
b - Scorch                Fire           56%        2d8       1%          2

Your spell library contained the following spells:

 Spells                   Type           Power      Damage    Failure   Level
 Magic Dart               Conj           80%        1d7       2%          1
 Searing Ray              Conj           40%        2d5       3%          2
 Conjure Flame            Conj/Fire      24%        6-21      4%          3
 Beastly Appendage        Tmut           10%        N/A       11%         1
 Inner Flame              Hex/Fire       16%        N/A       11%         3
 Wereblood                Tmut           5%         N/A       16%         2
 Dazzling Flash           Conj/Hex       26%        N/A       16%         3
 Ignite Poison            Fire/Tmut/Pois 13%        N/A       16%         3
 Flame Wave               Conj/Fire      24%        2d8       17%         4
 Sticky Flame             Conj/Fire      24%        2d5       17%         4
 Spider Form              Tmut/Pois      5%         N/A       30%         3
 Fulminant Prism          Conj/Hex       6%         3d7       45%         4
 Agony                    Necr           5%         N/A       96%         5
 Silence                  Hex/Air        2%         N/A       96%         5


Dungeon Overview and Level Annotations

Branches:
Dungeon (5/15)            Ossuary (visited)
 Temple: D:4-7

Altars:
Xom

Shops:
D:3 *

Annotations:
D:4 2 transporters, RuggedK9's ghost, weakling TrBe


Innate Abilities, Weirdness & Mutations

You have large cloven feet.
A weak demonic guardian rushes to your aid.
You regenerate a little health from kills.
You are partially covered in razor-sharp scales. (AC +1, Slay +1)
You have a pair of small antennae on your head.
Your mind is acute. (Int +4, Str/Dex -1)
Your muscles are strong. (Str +4, Int/Dex -1)
You are occasionally teleported next to monsters.


Message History

* * * LOW HITPOINT WARNING * * *
The ice beast hits your iron imp. The ice beast freezes your iron imp.
Your iron imp resists.
Your iron imp hits the ice beast!
The ice beast dies!
The gnoll throws a throwing net.
The throwing net hits your iron imp.
Your iron imp is caught in the net!
The gnoll bouda gazes fiercely through you!
You feel as though you will be weak longer.
Your Fighting skill increases to level 1!
Your Short Blades skill increases to level 1!
Your surroundings suddenly seem different.
A centaur comes into view.
Found 16 gold pieces.
Found a stone staircase leading up.
The centaur shouts!
The centaur wields a +0 shortbow.
The centaur shoots an arrow.
The arrow hits you.
* * * LOW HITPOINT WARNING * * *
As you read the scroll of butterflies, it crumbles to dust.
You hear the tinkle of a tiny bell.
You swap places.
The centaur unwields a +0 shortbow.
The centaur hits your butterfly.
Your butterfly dies!
Your butterfly disappears in a burst of colours!
The centaur hits your butterfly!
Your butterfly dies!
Your butterfly disappears in a burst of colours!
Casting: Foxfire (safe; 1% risk of failure)
Confirm with . or Enter, or press ? or * to list all spells.
You conjure some foxfire!
Found a potion of haste.
The foxfire hits the centaur!
The centaur is moderately wounded.
The foxfire hits the centaur.
The centaur is heavily wounded.
The centaur hits you but does no damage.
The centaur barely misses you.
You barely miss the centaur.
The centaur is heavily wounded.
The centaur hits you.
You die...

#.......##.....
.#.......#......
#...............
.#......b...b....
.........b.......
......#..b.......
...<.......bb....
.......c.........
.....$.@b.b......
............b....
......b..b.......
.....#.....##....
.....###....####.
.... ....## ...
..... ... .......
.. ...!.. #.


You could see a centaur (ally target).

Vanquished Creatures
  An ogre (D:5)
  A phantom (D:4)
  A scorpion (D:5)
  An elf skeleton (D:4)
  A gnoll bouda (D:4)
  2 human zombies (D:4)
  2 human skeletons (D:4)
  An iguana (D:4)
  3 orc wizards
  8 mummies (Ossuary)
  6 gnolls
  An adder (D:2)
  A shadow imp (D:4)
  2 worms (D:2)
  2 dart slugs (D:1)
  16 orcs
  4 endoplasms
  A giant cockroach (D:2)
  A gnoll zombie (Ossuary)
  6 goblins
  11 hobgoblins
  17 jackals
  11 kobolds
  2 quokkas (D:1)
  5 bats
  5 frilled lizards
  3 hobgoblin zombies (Ossuary)
  2 kobold zombies (Ossuary)
  2 orc zombies (Ossuary)
  5 rats
124 creatures vanquished.

Vanquished Creatures (collateral kills)
  An ice beast (D:5)
  An elf skeleton (D:4)
  A gnoll (D:4)
  5 foxfires (D:2)
8 creatures vanquished.

Vanquished Creatures (others)
  375 foxfires
  51 plants
426 creatures vanquished.

Grand Total: 558 creatures vanquished

Notes
Turn   | Place    | Note
-------+----------+-------------------------------------------
     0 | D:1      | javelincjr the Demonspawn Fire Elementalist began the quest
                  | for the Orb.
     0 | D:1      | Reached XP level 1. HP: 13/13 MP: 3/3
   131 | D:1      | Found a faded altar of an unknown god.
   289 | D:1      | Gained mutation: You have large cloven feet. [demonic
                  | ancestry]
   289 | D:1      | Reached XP level 2. HP: 19/19 MP: 1/5
  1014 | D:1      | Gained mutation: You are partially covered in razor-sharp
                  | scales. (AC +1, Slay +1) [demonic ancestry]
  1014 | D:1      | Reached XP level 3. HP: 24/24 MP: 3/6
  1516 | D:2      | Learned a level 2 spell: Scorch
  1561 | D:2      | Found a shimmering altar of Xom.
  2352 | D:3      | Gained mutation: A weak demonic guardian rushes to your
                  | aid. [demonic ancestry]
  2352 | D:3      | Reached XP level 4. HP: 30/30 MP: 5/7
  2455 | D:3      | Found Plog's General Store.
  3749 | D:3      | Reached XP level 5. HP: 19/35 MP: 0/9
  3945 | D:4      | Found a sand-covered staircase.
  3959 | Ossuary  | Entered an ossuary
  4150 | Ossuary  | Reached XP level 6. HP: 41/41 MP: 5/10
  4710 | Ossuary  | Gained mutation: You have a pair of small antennae on your
                  | head. [potion of mutation]
  4710 | Ossuary  | Gained mutation: You have a pair of antennae on your head.
                  | [potion of mutation]
  4710 | Ossuary  | Gained mutation: You sometimes lose your temper in combat.
                  | [potion of mutation]
  4711 | Ossuary  | Lost mutation: You have a pair of antennae on your head.
                  | [potion of mutation]
  4711 | Ossuary  | Lost mutation: You sometimes lose your temper in combat.
                  | [potion of mutation]
  4711 | Ossuary  | Gained mutation: Your muscles are strong. (Str +4, Int/Dex
                  | -1) [potion of mutation]
  4711 | Ossuary  | Gained mutation: You are occasionally teleported next to
                  | monsters. [potion of mutation]
  4711 | Ossuary  | Gained mutation: Your mind is acute. (Int +4, Str/Dex -1)
                  | [potion of mutation]
  5056 | D:4      | Gained mutation: You regenerate a little health from kills.
                  | [demonic ancestry]
  5056 | D:4      | Reached XP level 7. HP: 46/46 MP: 5/13
  5565 | D:4      | Found a transporter.
  5676 | D:4      | Found a transporter.
  5676 | D:4      | Noticed RuggedK9's ghost (weakling TrBe)
  6106 | D:4      | Reached skill level 5 in Spellcasting
  6215 | D:5      | Entered Level 5 of the Dungeon
  6285 | D:5      | Reached skill level 5 in Fire Magic
  6366 | D:5      | Reached skill level 1 in Fighting
  6366 | D:5      | Reached skill level 1 in Short Blades
  6366 | D:5      | HP: 1/48 [centaur/arrow (2)]
  6373 | D:5      | Slain by a centaur

Illustrated notes

Levels and vault maps discovered:
D:1:      matt_arrival_diagonals, layout_basic,
          dilly_ecumenical_altar_fadedgnrine
D:2:      layout_basic, serial_bayou, serial_bayou_crossing,
          serial_bayou_pond_c, serial_bayou_pond_b, serial_bayou_shore_a,
          basic_altar, columned_hall_lemuel
D:3:      layout_basic, serial_shops, nicolae_shop_statue_plus,
          skrybe_limestone_x, minmay_unequal
D:4:      minmay_evil_eye, layout_rooms, gammafunk_ghost_mausoleum,
          nicolae_ossuary_entry_catacombs
D:5:      kennysheep_kobold_camp, layout_cave_pools, temple_hall

Skill      XL: |  1  2  3  4  5  6  7 |
---------------+----------------------+-----
Fire Magic     | 3 4 5 |  5.3
Dodging        | 2 |  2.6
Stealth        | 2 |  2.5
Conjurations   | 2 3 |  3.5
Spellcasting   | 3 4 5 |  5.5
Fighting       | 1 |  1.0
Short Blades   | 1 |  1.0
Maces & Flails | |  0.2

Action                   |  1- 3 |  4- 6 |  7- 9 || total
-------------------------+-------+-------+-------++-------
Melee: Club              |    33 |       |       ||    33
       Unarmed           |     1 |       |       ||     1
       Kick              |    24 |       |       ||    24
       Dagger            |    55 |    38 |       ||    93
       Short sword       |       |       |    18 ||    18
       Punch             |       |       |     1 ||     1
 Cast: Foxfire           |    66 |   115 |    35 ||   216
       Scorch            |     1 |    26 |    22 ||    49
  Use: Potion            |     1 |    11 |       ||    12
       Scroll            |       |     5 |     3 ||     8
Armor: Robe              |    14 |    11 |    14 ||    39
Dodge: Dodged            |    46 |    35 |    39 ||   120
